 Dungeon Crawl Stone Soup version 0.18.1-6-gd335043 (webtiles) character file.

623 protoss039 the Covered (level 7, 0/61 HPs)
             Began as a Minotaur Fighter on May 16, 2016.
             Slain by an ogre
             ... wielding a +0 giant spiked club
              (23 damage)
             ... on level 5 of the Dungeon.
             The game lasted 00:16:40 (3525 turns).

protoss039 the Covered (Minotaur Fighter)           Turns: 3525, Time: 00:16:41

Health: 0/61       AC:  8    Str: 22    XL:     7   Next: 22%
Magic:  6/6        EV:  9    Int:  5    God:
Gold:   323        SH: 10    Dex: 10    Spells: 0 memorised, 6 levels left

rFire  . . .     SeeInvis .     a - +0 flail
rCold  . . .     Gourm    .     b - +0 scale mail
rNeg   . . .     Faith    .     c - +0 shield
rPois  .         Spirit   .     (helmet restricted)
rElec  .         Dismiss  .     g - +0 cloak
rCorr  .         Reflect  .     (no gloves)
SustAt .         Harm     .     (no boots)
MR     +....                    (no amulet)
Stlth  ..........               (no ring)
                                l - ring of protection from magic

@: somewhat resistant to hostile enchantments, extremely unstealthy
A: retaliatory headbutt, horns 2
a: no special abilities


You were on level 5 of the Dungeon.
You were hungry.

You visited 1 branch of the dungeon, and saw 5 of its levels.

You collected 323 gold pieces.

Inventory:

Hand Weapons
 a - a +0 flail (weapon)
Armour
 b - a +0 scale mail (worn)
 c - a +0 shield (worn)
 g - a +0 cloak (worn)
Jewellery
 l - a ring of protection from magic (left hand)
Wands
 r - a wand of polymorph (14/24)
 u - a wand of lightning (1/15)
Scrolls
 e - a scroll of magic mapping
 j - a scroll of random uselessness {unknown}
 s - a scroll of teleportation {unknown}
 t - a scroll of remove curse
Potions
 d - 5 potions of might
 h - 3 potions of heal wounds {unknown}
 i - a potion of cure mutation {unknown}
 k - 2 potions of flight {unknown}
 n - a potion of lignification {unknown}
 o - a potion of degeneration {unknown}
 p - a potion of mutation {unknown}
 q - a potion of invisibility
Comestibles
 f - 2 bread rations
 m - 4 meat rations


   Skills:
 + Level 5.1 Fighting
 + Level 5.0 Maces & Flails
 + Level 6.0 Armour
 + Level 2.7 Dodging
 + Level 0.3 Stealth
 + Level 5.7 Shields


You had 6 spell levels left.
You didn't know any spells.

Dungeon Overview and Level Annotations

Branches:
Dungeon (5/15)
 Temple: D:4-7

Altars:
Gozag
Nemelex Xobeh
Pakellas
Ru
Vehumet
Yredelemnul
Zin
The Shining One

Shops:
D:2 *


Innate Abilities, Weirdness & Mutations

You reflexively headbutt those who attack you in melee.
You have a pair of horns on your head.


Message History

You barely miss the ogre. Your headbutt misses the ogre.
The ogre is lightly wounded.
The centaur shoots an arrow.
You block the arrow. You block the ogre's attack.
The centaur shoots an arrow.
The arrow closely misses you.
You closely miss the ogre.
The ogre is lightly wounded.
The centaur shoots an arrow.
You block the arrow. The ogre completely misses you.
You sock the ogre! Your headbutt misses the ogre.
The ogre is moderately wounded.
The centaur shoots an arrow.
The arrow hits you.
The centaur shoots an arrow.
The arrow hits you.
The ogre hits you with a giant spiked club!!
A giant gecko zombie comes into view.
You sock the ogre!
The ogre is severely wounded.
The centaur shoots an arrow.
You block the arrow.
The centaur shoots an arrow.
The arrow completely misses you.
The ogre hits you with a giant spiked club!!
You die...

# ######## #.#####
#......# #.#.c..#
#.####.#
.c...[Z####.####.#
#..(...(.##.#
#@####.#.##.# #O#
#.#.##.# # #.#
#......# # #.#
###.#### # .(# #.#
# ### #.# # #.# #
###.####### #
###<........# #


You could see an ogre, a centaur and a giant gecko zombie.

Vanquished Creatures
  An ogre (D:4)
  A scorpion (D:5)
  A crimson imp (D:5)
  A jelly (D:5)
  Jessica (D:3)
  3 worker ants
  2 orc wizards
  7 gnolls
  7 adders
  3 oozes
  3 adder skeletons
  4 worms
  5 dart slugs
  2 giant geckos (D:1)
  9 orcs
  4 giant cockroaches
  8 goblins
  6 hobgoblins
  2 jackals (D:1)
  5 quokkas
  6 ball pythons
  4 bats
  5 giant newts
  2 kobolds (D:2)
  2 rats
94 creatures vanquished.

Vanquished Creatures (others)
  An orc wizard (D:4)
1 creature vanquished.

Grand Total: 95 creatures vanquished

Notes
Turn   | Place    | Note
--------------------------------------------------------------
     0 | D:1      | protoss039 the Minotaur Fighter began the quest for the Orb.
     0 | D:1      | Reached XP level 1. HP: 19/19 MP: 0/0
   118 | D:1      | Reached XP level 2. HP: 27/27 MP: 1/1
   252 | D:1      | Reached skill level 4 in Armour
   582 | D:1      | Reached XP level 3. HP: 33/33 MP: 2/2
   821 | D:2      | Reached XP level 4. HP: 34/40 MP: 3/3
   961 | D:2      | Found a sacrificial altar of Ru.
  1098 | D:2      | Found Zin's Purification Station.
  1111 | D:2      | Found a glowing silver altar of Zin.
  1324 | D:2      | Reached skill level 1 in Dodging
  1622 | D:3      | Reached XP level 5. HP: 43/46 MP: 4/4
  1742 | D:3      | Found a sparkling altar of Nemelex Xobeh.
  1742 | D:3      | Found an opulent altar of Gozag.
  1761 | D:3      | Noticed Jessica
  1771 | D:3      | Killed Jessica
  1771 | D:3      | Reached skill level 5 in Armour
  2317 | D:4      | Reached skill level 5 in Shields
  2347 | D:4      | Found an oddly glowing altar of Pakellas.
  2355 | D:4      | Reached XP level 6. HP: 51/53 MP: 5/5
  2819 | D:4      | Found a glowing golden altar of the Shining One.
  2821 | D:4      | Noticed an angel
  2834 | D:4      | Found a basalt altar of Yredelemnul.
  2841 | D:4      | Noticed a profane servitor
  3011 | D:5      | Entered Level 5 of the Dungeon
  3011 | D:5      | Found a radiant altar of Vehumet.
  3156 | D:5      | Reached XP level 7. HP: 60/60 MP: 6/6
  3203 | D:5      | Reached skill level 5 in Fighting
  3203 | D:5      | Reached skill level 5 in Maces & Flails
  3220 | D:5      | Reached skill level 6 in Armour
  3525 | D:5      | Slain by an ogre

Skill      XL: |  1  2  3  4  5  6  7 |
---------------+----------------------+-----
Armour         | 4 5 6 |  6.0
Fighting       | 4 5 |  5.1
Shields        | 4 5 |  5.7
Maces & Flails | 3 4 5 |  5.0
Dodging        | 1 2 |  2.7
Stealth        | |  0.3

Action                   |  1- 3 |  4- 6 |  7- 9 || total
-------------------------+-------+-------+-------++-------
Melee: Flail             |    73 |   168 |    26 ||   267
       Headbutt          |     6 |    21 |     5 ||    32
  Use: Scroll            |     1 |     9 |       ||    10
 Stab: Paralysed         |       |     3 |       ||     3
       Invisible         |       |     1 |       ||     1
  Eat: Chunk             |       |     7 |     1 ||     8
Armor: Scale mail        |    45 |    47 |    10 ||   102
Dodge: Dodged            |    22 |    37 |    13 ||    72
Block: Shield            |    42 |    62 |    15 ||   119
